 Dungeon Crawl Stone Soup version 0.30-a0-266-g2b27a225a3 (webtiles) character file.

Game seed: 12833454892544436591

19348 Querens the Thaumaturge (level 12, -11/59 HPs)
             Began as a Deep Elf Conjurer on Oct 14, 2022.
             Was a High Priest of Vehumet.
             Mangled by a spriggan simulacrum (19 damage)
             ... on level 2 of the Orcish Mines.
             The game lasted 00:53:04 (8604 turns).

Querens the Thaumaturge (Deep Elf Conjurer)         Turns: 8604, Time: 00:53:04

Health: -11/59     AC: 11    Str:  4    XL:     12   Next: 35%
Magic:  3/32       EV: 11    Int: 37    God:    Vehumet [*****.]
Gold:   1148       SH: 12    Dex: 13    Spells: 17/40 levels left

rFire   . . .      SeeInvis +    N - +7 war axe "Ogrebane" {freeze, Fly SInv}
rCold   . . .      Faith    .    K - +2 kite shield
rNeg    + . .      Spirit   .    w - +1 steam dragon scales
rPois   .          Reflect  .    J - +0 helmet "Byabij" {Int+8}
rElec   .          Harm     .    n - +0 cloak
rCorr   .          Rampage  .    (no gloves)
Will    .....                    g - +2 pair of boots
Stlth   ++........               (no amulet)
HPRegen 0.29/turn                z - ring of wizardry
MPRegen 0.23/turn                x - ring of positive energy

@: weak-willed, flying
A: no striking features
a: Renounce Religion


You were on level 2 of the Orcish Mines.
You worshipped Vehumet.
Vehumet was extremely pleased with you.
You visited 3 branches of the dungeon, and saw 14 of its levels.
You also visited: Sewer.

You collected 1148 gold pieces.

Inventory:

Hand Weapons
 v - a +2 falchion of venom
 N - the +7 war axe "Ogrebane" (weapon) {freeze, Fly SInv}
   (You found it on level 10 of the Dungeon)

   It freezes those it strikes, dealing additional cold damage.
   It can also slow down cold-blooded creatures.
   SInv:      It lets you see invisible.
   Fly:       It grants you flight.
Missiles
 b - 3 curare-tipped darts
 q - 5 throwing nets
Armour
 a - a +2 leather armour of poison resistance
 g - a +2 pair of boots (worn)
 n - a +0 cloak (worn)
 w - +1 steam dragon scales (worn)
 J - the +0 helmet "Byabij" (worn) {Int+8}
   (You found it on level 6 of the Dungeon)

   Int:       It affects your intelligence (+8).
 K - a +2 kite shield (worn)
Magical Staves
 M - a staff of cold
Jewellery
 l - a ring of see invisible
 x - a ring of positive energy (right hand)
 z - a ring of wizardry (left hand)
 L - a +6 ring of dexterity
 O - a ring of ice
Wands
 y - a wand of paralysis (4)
 C - a wand of flame (13)
 P - a wand of iceblast (6)
Scrolls
 e - a scroll of enchant weapon
 f - 5 scrolls of butterflies
 h - 2 scrolls of poison
 k - a scroll of immolation {unknown}
 m - 2 scrolls of teleportation {unknown}
 p - a scroll of amnesia {unknown}
 s - a scroll of fear
 t - 3 scrolls of vulnerability
 u - 3 scrolls of magic mapping
 A - 2 scrolls of noise
 E - 3 scrolls of brand weapon
 F - 2 scrolls of enchant armour
 I - a scroll of summoning {unknown}
Potions
 c - a potion of flight
 d - 6 potions of curing
 i - 2 potions of berserk rage
 j - 3 potions of attraction
 o - a potion of might
 r - 5 potions of lignification
 D - a potion of ambrosia
 H - a potion of heal wounds {unknown}
 Q - 2 potions of mutation {unknown}


   Skills:
 - Level 2.4 Dodging
 - Level 2.4 Stealth
 - Level 7.0 Shields
 + Level 14.5 Spellcasting
 + Level 12.8 Conjurations
 + Level 1.7 Hexes
 + Level 11.5 Translocations


You had 17 spell levels left.
You knew the following spells:

 Your Spells              Type           Power      Damage    Failure   Level
a - Magic Dart            Conj           100%       1d8       0%          1
b - Searing Ray           Conj           100%       2d8       1%          2
c - Iskenderun's Mystic   Conj/Tloc      87%        2d17      1%          4
d - Fulminant Prism       Conj/Hex       34%        3d16      1%          4
e - Mephitic Cloud        Conj/Pois/Air  55%        N/A       1%          3
f - Tukima's Dance        Hex            39%        N/A       2%          3
g - Apportation           Tloc           100%       N/A       1%          1
h - Fireball              Conj/Fire      32%        3d14      1%          5

Your spell library contained the following spells:

 Spells                   Type           Power      Damage    Failure   Level
 Beastly Appendage        Tmut           52%        N/A       1%          1
 Freeze                   Ice            100%       1d10      1%          1
 Sting                    Tmut/Pois      100%       1d8       1%          1
 Poisonous Vapours        Pois/Air       52%        N/A       1%          2
 Dazzling Flash           Conj/Hex       100%       N/A       1%          3
 Frozen Ramparts          Ice            52%        1d8       1%          3
 Gell's Gravitas          Tloc           85%        N/A       1%          3
 Hailstorm                Conj/Ice       65%        3d14      1%          3
 Lesser Beckoning         Tloc           100%       N/A       1%          3
 Portal Projectile        Hex/Tloc       100%       N/A       1%          3
 Teleport Other           Tloc           85%        N/A       1%          3
 Cigotuvi's Dreadful Rot  Necr/Pois/Air  52%        N/A       2%          2
 Wereblood                Tmut           26%        N/A       2%          2
 Spider Form              Tmut/Pois      26%        N/A       4%          3
 Olgreb's Toxic Radiance  Pois           26%        N/A       4%          4
 Silence                  Hex/Air        16%        N/A       26%         5
 Agony                    Necr           26%        N/A       36%         5
 Alistair's Intoxication  Tmut/Pois      17%        N/A       36%         5
 Blade Hands              Tmut           13%        N/A       36%         5


Dungeon Overview and Level Annotations

Branches:
Dungeon (11/15)            Temple (1/1) D:4            Lair (0/5) D:9
    Orc (2/2) D:9           Sewer (visited)
    Elf: Orc:2

Altars:
Ashenzari
Kikubaaqudgha
Makhleb
Nemelex Xobeh
Okawaru
Qazlal
Ru
Sif Muna
Trog
Uskayaw
Vehumet
Wu Jian
Xom
Yredelemnul
Zin
The Shining One

Shops:
D:1 (   D:4 (   D:9 *   D:10 (   Orc:2 ([


Message History

The orange demon is moderately wounded.
The orange demon is knocked back by the mystic blast.
The mystic blast hits the rust devil!
The rust devil is moderately wounded.
The rust devil is knocked back by the mystic blast.
The mystic blast hits the red devil!
The red devil is heavily wounded.
The red devil is knocked back by the mystic blast.
Unknown command.
Unknown command.
Unknown command.
As you read the scroll labelled WOK VATAVUEKH, it crumbles to dust.
Magic quickly surges around you.
It was a scroll of vulnerability.
As you read the scroll labelled OMEAFU JIEGG, it crumbles to dust.
You hear a loud clanging noise!
It was a scroll of noise.
You hear a shout!
The orc warrior shoots a bolt.
You block the bolt.
As you read the scroll labelled MIUG ZAOMESA, it crumbles to dust.
It is a scroll of enchant armour.
Your +0 steam dragon scales glow green for a moment.
The orc warrior shoots a bolt.
The bolt barely misses you.
Okay, then.
Okay, then.
As you read the scroll labelled XOSUOT HERRICE, it crumbles to dust.
You assume a fearsome visage.
The rust devil looks frightened!
The orange demon looks frightened!
The red devil looks frightened!
The orc warlord looks frightened!
The orc high priest looks frightened!
The orc warrior looks frightened! x2; The naga simulacrum is unaffected.
The spriggan simulacrum is unaffected.
The orc wizard looks frightened!
It was a scroll of fear.
The orc warlord starts to cry.
The orc wizard mumbles some strange words.
The orc wizard flickers and vanishes for a moment.
The orc high priest gibbers meaninglessly.
Found Xunoqaph's Antique Armour Boutique.
The spriggan simulacrum hits you!
* * * LOW HITPOINT WARNING * * *
The spriggan simulacrum freezes you!!
You die...

......## P....#.... .......##..
#................... ∩.......#..#
#..P.......P.......# .......#...#
........∩...^..[.... .)......#...
........8..).).o... ..)........
..........[...[... ))).)#....#
##.............o[<. .))))o##
##.......P......[..o .##)...#
...#..@..P.............
#####.).o........Z.........4.....
######.#.........#..........$....
.#.#......##.....#Z..............
.......))..#.....Z.........4.....
..........#......................
......................O..).......
.............................)...
......................#....4.)4).


You could see a two-headed ogre, a spriggan simulacrum (weak-willed), a naga
simulacrum (weak-willed) and a two-headed ogre simulacrum.

Vanquished Creatures
  2 two-headed ogres (D:10)
  4 orc high priests (Orc:2)
  Pikel (D:4)
  2 orc knights (Orc:2)
  3 orc sorcerers (Orc:2)
  An elephant (D:9)
  2 cyclopes (D:11)
  A kobold demonologist (D:9)
  2 trolls (Orc:2)
  2 hornets
  2 wraiths (D:9)
  4 yaks (D:9)
  3 shadows
  4 wyverns
  4 vampire mosquitoes (D:10)
  2 basilisks (D:9)
  2 steam dragons
  A water moccasin (D:9)
  A swamp drake (D:9)
  5 ice beasts
  2 black bears
  A sky beast (D:7)
  25 orc warriors
  5 ogres
  3 centaurs
  8 kobold brigands
  6 bullfrogs
  A necrophage (D:5)
  5 gnoll sergeants
  2 cane toad simulacra (Orc:2)
  A scorpion (D:6)
  4 wights (D:8)
  12 killer bees
  6 howler monkeys
  7 hounds
  2 jellies
  Crazy Yiuf (D:6)
  11 orc priests
  A gnoll bouda (D:3)
  3 iguanas
  Natasha (D:2)
  19 orc wizards
  A troll simulacrum (Orc:2)
  A polar bear simulacrum (Orc:2)
  12 adders
  29 gnolls
  A naga simulacrum (Orc:2)
  A shadow imp (D:6)
  A white imp (D:6)
  2 ufetubi
  4 worms
  3 dart slugs
  75 orcs
  5 endoplasms
  9 giant cockroaches
  8 goblins
  8 hobgoblins
  11 jackals (D:3)
  25 kobolds
  12 quokkas
  10 ball pythons
  3 bats
  7 frilled lizards
  10 rats
  A fulminant prism (D:11)
413 creatures vanquished.

Vanquished Creatures (others)
  22 fulminant prisms
  19 fungi
41 creatures vanquished.

Grand Total: 454 creatures vanquished

Notes
Turn   | Place    | Note
-------+----------+-------------------------------------------
     0 | D:1      | Querens the Deep Elf Conjurer began the quest for the Orb.
     0 | D:1      | Reached XP level 1. HP: 10/10 MP: 6/6
   127 | D:1      | Reached XP level 2. HP: 15/15 MP: 0/8
   149 | D:1      | Learned a level 2 spell: Searing Ray
   397 | D:1      | Found Biuqywn's Weapon Emporium.
   584 | D:2      | Reached skill level 4 in Spellcasting
   584 | D:2      | Reached skill level 5 in Conjurations
   584 | D:2      | Reached XP level 3. HP: 19/19 MP: 4/10
   737 | D:2      | Reached XP level 4. HP: 24/24 MP: 3/12
   808 | D:2      | Noticed Natasha
   812 | D:2      | Killed Natasha
   813 | D:2      | Reached skill level 5 in Spellcasting
  1102 | D:3      | Found a faded altar of an unknown god.
  1215 | D:3      | Learned a level 4 spell: Iskenderun's Mystic Blast
  1220 | D:3      | Learned a level 4 spell: Fulminant Prism
  1255 | D:3      | Reached XP level 5. HP: 28/28 MP: 7/14
  1276 | D:3      | Found a burning altar of Makhleb.
  1609 | D:3      | Reached skill level 1 in Translocations
  1746 | D:3      | Reached skill level 6 in Spellcasting
  1746 | D:3      | Reached XP level 6. HP: 25/32 MP: 13/17
  2127 | D:3      | Reached XP level 7. HP: 22/36 MP: 2/19
  2260 | D:4      | Noticed Pikel
  2274 | D:4      | Killed Pikel
  2275 | D:4      | Reached skill level 8 in Spellcasting
  2275 | D:4      | Reached XP level 8. HP: 22/41 MP: 16/22
  2365 | D:4      | Found a staircase to the Ecumenical Temple.
  2407 | Temple   | Entered the Ecumenical Temple
  2416 | Temple   | Became a worshipper of Vehumet
  2467 | D:4      | Found a stormy altar of Qazlal.
  2512 | D:4      | Found Vehoxkum's Antique Weapon Boutique.
  2517 | D:4      | Reached skill level 5 in Translocations
  2959 | D:5      | Entered Level 5 of the Dungeon
  3015 | D:5      | Found a glowing drain.
  3034 | Sewer    | Entered a sewer
  3154 | Sewer    | Reached * piety under Vehumet
  3154 | Sewer    | Offered knowledge of Foxfire by Vehumet.
  3388 | D:5      | Reached skill level 9 in Spellcasting
  3469 | D:5      | Found a broken altar of Ashenzari.
  3490 | D:5      | Found a basalt altar of Yredelemnul.
  3490 | D:5      | Found an iron altar of Okawaru.
  3911 | D:5      | Found a shimmering blue altar of Sif Muna.
  3911 | D:5      | Found an ancient bone altar of Kikubaaqudgha.
  3920 | D:5      | Found a hide-covered altar of Uskayaw.
  3922 | D:5      | Found a glowing silver altar of Zin.
  3925 | D:5      | Found a shimmering altar of Xom.
  3976 | D:6      | Identified the +0 helmet "Byabij" {Int+8}
  3987 | D:6      | Learned a level 3 spell: Mephitic Cloud
  4296 | D:6      | Reached skill level 1 in Shields
  4296 | D:6      | Reached XP level 9. HP: 45/45 MP: 7/24
  4549 | D:6      | Reached skill level 10 in Spellcasting
  4590 | D:6      | Offered knowledge of Static Discharge by Vehumet.
  4603 | D:6      | Found a runed translucent door.
  4604 | D:6      | Noticed Crazy Yiuf
  4612 | D:6      | Killed Crazy Yiuf
  4757 | D:7      | Reached ** piety under Vehumet
  5090 | D:7      | Learned a level 3 spell: Tukima's Dance
  5293 | D:8      | Reached skill level 11 in Spellcasting
  5293 | D:8      | Reached skill level 10 in Conjurations
  5327 | D:8      | Reached XP level 10. HP: 16/50 MP: 16/27
  5453 | D:8      | Offered knowledge of Frozen Ramparts by Vehumet.
  5681 | D:8      | Learned a level 1 spell: Apportation
  5699 | D:9      | Reached *** piety under Vehumet
  5735 | D:9      | Noticed an elephant
  5735 | D:9      | Found a staircase to the Lair.
  5842 | D:9      | Found an ornate altar of the Wu Jian Council.
  5921 | D:9      | Killed an elephant
  5922 | D:9      | Reached skill level 12 in Spellcasting
  5952 | D:9      | Offered knowledge of Stone Arrow by Vehumet.
  6010 | D:9      | Found a staircase to the Orcish Mines.
  6092 | D:9      | Reached skill level 5 in Shields
  6103 | D:9      | Found Xoibbaso's General Store.
  6232 | D:9      | Reached XP level 11. HP: 47/54 MP: 22/29
  6237 | D:9      | Reached **** piety under Vehumet
  6437 | D:9      | Found a sparkling altar of Nemelex Xobeh.
  6525 | D:9      | Offered knowledge of Kindle Blastsparks by Vehumet.
  6623 | Orc:1    | Entered Level 1 of the Orcish Mines
  6709 | Orc:2    | Entered Level 2 of the Orcish Mines
  6711 | Orc:2    | Noticed an orc sorcerer
  6711 | Orc:2    | Noticed an orc knight
  6713 | Orc:2    | Noticed an orc knight
  6713 | Orc:2    | Noticed an orc sorcerer
  6718 | Orc:2    | Killed an orc sorcerer
  6719 | Orc:2    | Noticed an orc warlord
  6721 | Orc:2    | Killed an orc sorcerer
  6722 | Orc:2    | Reached skill level 10 in Translocations
  6723 | Orc:2    | Killed an orc knight
  6724 | Orc:2    | Reached skill level 13 in Spellcasting
  6726 | Orc:2    | Killed an orc knight
  6843 | D:10     | Entered Level 10 of the Dungeon
  6909 | D:10     | Noticed a two-headed ogre
  6918 | D:10     | Killed a two-headed ogre
  7083 | D:10     | Noticed a two-headed ogre
  7092 | D:10     | Killed a two-headed ogre
  7092 | D:10     | Reached ***** piety under Vehumet
  7192 | D:10     | Found a bloodstained altar of Trog.
  7196 | D:10     | Offered knowledge of Fireball by Vehumet.
  7217 | D:10     | Found Qearin's Antique Weapon Shop.
  7255 | D:10     | Identified the +7 war axe "Ogrebane" {freeze, Fly SInv}
  7415 | Orc:2    | Noticed an orc high priest
  8323 | Orc:2    | Noticed an orc high priest
  8323 | Orc:2    | Found Rief's Antique Weapon Shop.
  8329 | Orc:2    | Killed an orc high priest
  8330 | Orc:2    | Reached XP level 12. HP: 59/59 MP: 18/31
  8334 | Orc:2    | Noticed an orc high priest
  8344 | Orc:2    | Killed an orc high priest
  8345 | Orc:2    | Reached skill level 14 in Spellcasting
  8347 | Orc:2    | Noticed an orc high priest
  8352 | Orc:2    | Killed an orc high priest
  8497 | Orc:1    | Learned a level 5 spell: Fireball
  8567 | Orc:2    | Killed an orc high priest
  8568 | Orc:2    | Reached skill level 1 in Hexes
  8580 | Orc:2    | Noticed an orc high priest
  8585 | Orc:2    | Noticed a two-headed ogre
  8602 | Orc:2    | Found Xunoqaph's Antique Armour Boutique.
  8604 | Orc:2    | Mangled by a spriggan simulacrum

Illustrated notes

Levels and vault maps discovered:
D:1:      minmay_arrival_four_loops, layout_basic, serial_shops, shop,
          st_stairs_7
D:2:      layout_loops_ring, hangedman_feature_mirror, uniq_natasha
D:3:      lemuel_castle_with_subvaults [lemuel_castle_interior_carwin_1],
          layout_rooms, bloody_makhleb, hellmonk_ecumenical_altar_lost_god,
          kennysheep_small_spiral, amcnicky_mini_corridor_feature,
          kennysheep_big_empty_room
D:4:      layout_basic, nicolae_qazlal_scattered_showers,
          minmay_temple_entry_sparse_star, serial_shops, kennysheep_mini,
          uniq_pikel
D:5:      layout_basic, grunt_temple_overflow_open, minitemple,
          gup_sewer_entry_bubbles, reono_crystal_passage
D:6:      layout_basic, grunt_ministairs_4, hangedman_abyss_or_decor_stagger,
          uniq_crazy_yiuf_cottage
D:7:      layout_rooms, minmay_misc_feat_diagonals
D:8:      layout_cave_pods, minmay_misc_feat_tower, moated_statue
D:9:      layout_roguey, nicolae_overflow_hidden_temple,
          nicolae_overflow_crystal_walls, david_lair_generic, erik_orc_1,
          special_room [special_room_kobold], serial_shops, shop,
          minmay_fractal_squares_5
D:10:     layout_cave_pods, trog_hazing_becter, serial_shops,
          nicolae_shop_overgrown_old_shop, hex_medium
D:11:     layout_loops_ring, nicolae_hexahallways, hangedman_decor_slide_cut
Temple:   nicolae_temple_ecumenical_triangle
Orc:1:    layout_diamond_mine
Orc:2:    grunt_orc_gardens, layout_caves, grunt_orc_garden, grunt_orc_garden,
          grunt_orc_garden, grunt_orc_garden,
          portal_ice_cave_entry_ice_simulacra

Skill      XL: |  1  2  3  4  5  6  7  8  9 10 11 12 |
---------------+-------------------------------------+-----
Spellcasting   | 4 5 6 8 9 11 12 13 14 | 14.5
Conjurations   | 5 6 7 8 10 11 12 | 12.8
Translocations | 2 3 4 6 8 9 10 11 | 11.5
Shields        | 1 3 5 6 7 |  7.0
Hexes          | 1 |  1.7
Dodging        | |  2.4
Stealth        | |  2.4

Action                   |  1- 3 |  4- 6 |  7- 9 | 10-12 || total
-------------------------+-------+-------+-------+-------++-------
Melee: Dagger            |     7 |    82 |    89 |       ||   178
       Punch             |       |       |     1 |       ||     1
       Falchion          |       |       |    25 |    52 ||    77
       War axe           |       |       |       |     7 ||     7
 Cast: Magic Dart        |    39 |    12 |    12 |     3 ||    66
       Searing Ray       |     6 |    28 |    54 |     9 ||    97
       Iskenderun's Myst |       |     2 |    20 |   121 ||   143
       Fulminant Prism   |       |       |     1 |    22 ||    23
       Mephitic Cloud    |       |       |     1 |     9 ||    10
Evoke: Wand              |       |       |     5 |    16 ||    21
  Use: Scroll            |       |     5 |     5 |     9 ||    19
       Potion            |       |     1 |       |     4 ||     5
 Stab: Sleeping          |     1 |     2 |     2 |     1 ||     6
       Distracted        |       |     1 |       |       ||     1
       Paralysed         |       |       |    10 |       ||    10
       Confused          |       |       |       |     1 ||     1
Armor: Robe              |       |    18 |    41 |     9 ||    68
       Steam dragon scal |       |       |       |    42 ||    42
Dodge: Dodged            |     6 |    79 |    81 |    80 ||   246
Block: Kite shield       |       |       |    30 |    98 ||   128

Table legend: (Time is in decaauts)
 A = Elapsed time spent in this place.
 B = Non-inter-level travel time spent in this place.
 C = Inter-level travel time spent in this place.
 D = Time resting spent in this place.
 E = Time spent auto-exploring this place.
 F = Levels seen in this place.
 G = Mean time per level.
                   A        B        C        D        E       F      G
               +--------+--------+--------+--------+--------+-----+--------+
         Total |   8722 |   7559 |   1163 |      6 |      0 |  15 |  581.5 |
       Dungeon |   7987 |   6893 |   1094 |      6 |      0 |  11 |  726.1 |
        Temple |     18 |     10 |      8 |      0 |      0 |   1 |   18.0 |
  Orcish Mines |    467 |    406 |     61 |      0 |      0 |   2 |  233.5 |
         Sewer |    249 |    249 |      0 |      0 |      0 |   1 |  249.0 |
               +--------+--------+--------+--------+--------+-----+--------+

Top non-repeatable levels by time:
     D:9: 1190 daAuts
     D:3: 1081 daAuts
     D:5: 832 daAuts
     D:4: 760 daAuts
     D:8: 699 daAuts
     D:6: 684 daAuts
    D:11: 637 daAuts
     D:1: 563 daAuts
    D:10: 548 daAuts
     D:2: 537 daAuts
     D:7: 450 daAuts
   Orc:1: 296 daAuts
   Sewer: 249 daAuts
   Orc:2: 171 daAuts
  Temple: 18 daAuts
